 Dungeon Crawl Stone Soup version 0.29-a0-275-g389c0b56f3 (webtiles) character file.

Game seed: 11991875307539498331

42 spaghetti the Skirmisher (level 3, -1/27 HPs)
             Began as an Octopode Chaos Knight on Mar 11, 2022.
             Was a Plaything of Xom.
             Killed by divine providence
             ... invoked by an orc priest
              (13 damage)
             ... on level 3 of the Dungeon.
             The game lasted 00:02:54 (1655 turns).

spaghetti the Skirmisher (Octopode Chaos Knight)    Turns: 1655, Time: 00:02:55

Health: -1/27      AC:  1    Str: 11      XL:     3   Next: 54%
Magic:  3/3        EV: 17    Int: 12 (14) God:    Xom [.....*]
Gold:   57         SH:  0    Dex: 11      Spells: 2/2 levels left

rFire   + . .      SeeInvis .     - Unarmed
rCold   . . .      Faith    .   (no shield)
rNeg    . . .      Spirit   .   (helmet restricted)
rPois   .          Reflect  .   (no amulet)
rElec   .          Harm     .   i - +4 ring of evasion
rCorr   .          Rampage  .   h - ring of protection from fire
Will    .....                   (no ring)
Stlth   ++........              (no ring)
HPRegen 0.09/turn               (no ring)
MPRegen 0.08/turn               (no ring)
                                (no ring)
                                (no ring)

@: mighty, brilliant
A: almost no armour, amphibious, 8 rings, camouflage 1, gelatinous body 1,
(nimble swimmer 1), tentacles, clumsy 1
a: Renounce Religion


You were on level 3 of the Dungeon.
You worshipped Xom.
You were Xom's teddy bear.
You visited 1 branch of the dungeon, and saw 3 of its levels.

You collected 57 gold pieces.


Innate Abilities, Weirdness & Mutations

You cannot wear most types of armour.
You are amphibious.
You can wear up to eight rings at the same time.
Your skin changes colour to match your surroundings (Stealth+).
Your rubbery body absorbs attacks. (AC +1, EV +1)
((You are camouflaged when in or above water. (Stealth+)))
You have tentacles for arms and can constrict up to eight enemies at once.
You are clumsy. (Dex -2)


   Skills:
 - Level 4.1 Fighting
 + Level 2.6 Dodging
 - Level 3.0 Unarmed Combat
 + Level 0.4 Conjurations
 + Level 0.4 Earth Magic


You had 2 spell levels left.
You didn't know any spells.
Your spell library contained the following spells:

 Spells                   Type           Power      Damage    Failure   Level
 Sandblast                Erth           2%         2d4       28%         1
 Passwall                 Tmut/Erth      0%         N/A       43%         2
 Stone Arrow              Conj/Erth      2%         3d7       63%         3
 Dazzling Flash           Conj/Hex       0%         N/A       67%         3
 Agony                    Necr           0%         N/A       100%        5
 Silence                  Hex/Air        0%         N/A       100%        5

Inventory:

Missiles
 d - 4 poisoned darts {throwing}
 e - 38 stones {throwing}
Jewellery
 h - a ring of protection from fire (right tentacle)
   (You found it on level 2 of the Dungeon)
 i - a +4 ring of evasion (left tentacle)
   (You found it on level 2 of the Dungeon)
Scrolls
 f - a scroll of noise {!r}
 k - 3 scrolls of summoning
Potions
 b - a potion of degeneration {!q@e2}
Miscellaneous
 a - a piece from Xom's chessboard (5/15) (quivered)

Dungeon Overview and Level Annotations

Branches:
Dungeon (3/15)

Altars:

......#.
..)...
......
)...#
#...#
.o. #{#
#@# #.#
#.# #.#
#.#
#.###
#...#
###.#
#.#


You could see an orc priest (slow).


Message History

You barely miss the bat. You grab the bat. You constrict the bat.
The bat completely misses you.
The bat struggles to escape constriction. x2
You barely miss the bat. You constrict the bat.
You kill the bat!
You see here a bat corpse.
(D) Dungeon
Where to? (Enter - D:2, ? - help)
There is a stone staircase leading down here.
You climb downwards.
There is a stone staircase leading up here.
Unknown command.
Unknown command.
An orc and an orc priest come into view.
There are monsters nearby!
There are monsters nearby!
Non-targeted evoke: piece from Xom's chessboard (11/15)
Press: ? - help, Q - select action, (/) - cycle Dir - look around, f - activate Look: an orc priest, wielding a +0 short sword and wearing a +0 ring mail (asleep)
You make a move on Xom's chessboard...
The orc priest shouts!
The orc priest seems to slow down.
You hear a shout!
An orc comes into view. It is wielding a +0 dagger.
An orc priest comes into view. It is wielding a +0 trident.
An orc comes into view. It is wielding a +0 dagger.
Non-targeted evoke: piece from Xom's chessboard (10/15)
Press: ? - help, Q - select action, (/) - cycle Dir - look around, f - activate Look: an orc priest, wielding a +0 short sword and wearing a +0 ring mail (slow)
You make a move on Xom's chessboard...
The orc priest shouts!
The orc priest appears confused.
You hear a shout!
A goblin comes into view. It is wielding a +0 club.
The orc shouts!
Non-targeted evoke: piece from Xom's chessboard (9/15)
Press: ? - help, Q - select action, (/) - cycle Dir - look around, f - activate Look: a goblin, wielding a +0 club You make a move on Xom's chessboard...
The orc struggles to resist.
The orc priest hits the orc with a +0 trident!
The orc is killed!
Xom thinks this is hilarious!
The orc priest hits itself with a +0 trident.
Your piece from Xom's chessboard (9/15) has regained one charge.
Non-targeted evoke: piece from Xom's chessboard (9/15)
Press: ? - help, Q - select action, (/) - cycle Dir - look around, f - activate Look: an orc priest, wielding a +0 short sword and wearing a +0 ring mail (slow)
You make a move on Xom's chessboard...
The orc priest flickers and vanishes!
Deactivating autopickup; reactivate with Ctrl-A.
The orc priest begins to cast a cantrip, but forgets the words!
Non-targeted evoke: piece from Xom's chessboard (8/15)
Press: ? - help, Q - select action, (/) - cycle Dir - look around, f - activate Look: an orc priest, wielding a +0 short sword and wearing a +0 ring mail (slow)
You make a move on Xom's chessboard...
The goblin twists and deforms.
Non-targeted evoke: piece from Xom's chessboard (7/15)
Press: ? - help, Q - select action, (/) - cycle Dir - look around, f - activate Look: an orc priest, wielding a +0 short sword and wearing a +0 ring mail (slow)
You make a move on Xom's chessboard...
The orc priest resists with some effort.
Something hits the orc.
The orc is killed!
The orc priest invokes the aid of Beogh against you.
Beogh smites you! 😮 HP[-10]
You take 10 damage, and now have 17/27 hp.
MASSIVE DAMAGE!! (PAUSE)
You make a move on Xom's chessboard...
The goblin twists and deforms.
Unknown command.
You completely miss the goblin. Your grab misses the goblin.
The goblin barely misses you.
You tentacle-slap the goblin but do no damage.
You grab the goblin. You constrict the goblin. The goblin misses you.
It was a potion of might.
You feel very mighty all of a sudden.
Xom roars with laughter!
You constrict the goblin.
The goblin hits you with a +0 club. 😮 HP[-1]
You take 1 damage, and now have 16/27 hp.
You tentacle-slap the goblin.
You kill the goblin!
You closely miss the orc. You grab the orc. You constrict the orc.
The orc hits you with a +0 flail.
* * * LOW HITPOINT WARNING * * *
😨 HP[-5]
You take 5 damage, and now have 11/27 hp.
You bludgeon the orc!
You kill the orc!
You hear Xom's avuncular chuckle.
You are now Xom's teddy bear.
The orc priest calls down the wrath of Beogh upon you.
It was a potion of brilliance.
You feel clever all of a sudden.
Xom roars with laughter!
Things that are here:
a +0 flail {mace}; a +0 club {mace}; 😨 HP[+1]
You barely miss something.
The orc priest mumbles some strange prayers to Beogh against you.
Beogh smites you!
You die...
Xom roars with laughter!

Skill      XL: |  1  2 |
---------------+-------+-----
Fighting       | 4 |  4.1
Dodging        | |  2.6
Unarmed Combat | |  3.0
Conjurations   | |  0.4
Earth Magic    | |  0.4

Action                   || total
-------------------------++-------
Melee: Unarmed           ||    55
       Constrict         ||    18
       Tentacles         ||    11
       Punch             ||     3
Evoke: Piece from Xom's  ||    12
  Use: Scroll            ||     4
       Potion            ||     2
 Stab: Sleeping          ||     5
       Paralysed         ||     1
Armor: Skin              ||     2
Dodge: Dodged            ||    29

Levels and vault maps discovered:
D:1:      nzn_arrival_settlement, layout_loops_ring
D:2:      layout_basic, chequers_serial_rivers_micro_c, uniq_terence
D:3:      layout_basic, basic_ecumenical_altar, serial_shops, shop,
          kennysheep_pointless_box, minmay_surrounded, uniq_natasha,
          uniq_grinder, uniq_crazy_yiuf_cottage

Notes
Turn   | Place    | Note
-------+----------+-------------------------------------------
     0 | D:1      | spaghetti the Octopode Chaos Knight began the quest for the
                  | Orb.
     0 | D:1      | Reached XP level 1. HP: 16/16 MP: 1/1
     0 | D:1      | magus.rc [v1.9.6]
    29 | D:1      | HP: 4/16 [goblin/+0 dagger (4)]
    36 | D:1      | You pick up a book of the Senses and begin reading...
    36 | D:1      | You add the spells Dazzling Flash, Agony and Silence to
                  | your library.
    49 | D:1      | XOM: silly message
   123 | D:1      | XOM: divination: detect items
   412 | D:1      | XOM: silly message
   447 | D:1      | XOM: 1-stop teleportation journey
   474 | D:1      | Reached XP level 2. HP: 21/21 MP: 2/2
   589 | D:1      | XOM: give mutation
   589 | D:1      | Gained mutation: You are clumsy. (Dex -2) [Xom's mischief]
   667 | D:1      | XOM: 9-stop teleportation journey
   737 | D:1      | Reached skill level 4 in Fighting
   819 | D:1      | Reached XP level 3. HP: 27/27 MP: 3/3
   909 | D:1      | You pick up a book of Geomancy and begin reading...
   909 | D:1      | You add the spells Sandblast, Passwall and Stone Arrow to
                  | your library.
  1046 | D:2      | XOM: noise
  1340 | D:2      | XOM is BORED!
  1340 | D:2      | XOM: stat loss: -2 Int (12/14)
  1652 | D:3      | XOM: enchant monster (good)
  1655 | D:3      | Killed from afar by an orc priest

Vanquished Creatures
  A dart slug (D:1)
  3 orcs (D:3)
  A ball python (D:1)
  3 endoplasms
  3 giant cockroaches
  6 goblins
  4 hobgoblins (D:1)
  A kobold (D:1)
  2 quokkas (D:1)
  3 bats
  2 frilled lizards (D:1)
  A rat (D:1)
30 creatures vanquished.

Table legend:
 A = Non-vault XP
 B = Vault XP
 C = Vault XP percentage of total XP
 D = Non-vault monster count
 E = Vault monster count
 F = Vault count percentage of total count
                 A         B        C        D         E       F
            +---------+---------+-------+---------+---------+-------
      Total |      60 |       0 |   0.0 |      30 |       0 |   0.0
            +---------+---------+-------+---------+---------+-------
        D:1 |      38 |       0 |   0.0 |      20 |       0 |   0.0
        D:2 |      11 |       0 |   0.0 |       6 |       0 |   0.0
        D:3 |      11 |       0 |   0.0 |       4 |       0 |   0.0
            +---------+---------+-------+---------+---------+-------

Illustrated notes

Table legend:
 A = Kills in this place as a percentage of kills in entire the game.
 B = Kills by you in this place as a percentage of kills by you in the entire game.
 C = Kills by friends in this place as a percentage of kills by friends in the entire game.
 D = Other kills in this place as a percentage of other kills in the entire game.
 E = Experience gained in this place as a percentage of experience gained in the entire game.
 F = Experience gained in this place divided by the number of levels of this place that you have seen.
                   A       B       C       D       E      F
               +-------+-------+-------+-------+-------+----------------------
         Total | 100.0 | 100.0 |   N/A | 100.0 | 100.0 |  20.0
       Dungeon | 100.0 | 100.0 |   N/A | 100.0 | 100.0 |  20.0
               +-------+-------+-------+-------+-------+----------------------

Table legend: (Time is in decaauts)
 A = Elapsed time spent in this place.
 B = Non-inter-level travel time spent in this place.
 C = Inter-level travel time spent in this place.
 D = Time resting spent in this place.
 E = Time spent auto-exploring this place.
 F = Levels seen in this place.
 G = Mean time per level.
                   A        B        C        D        E       F      G
               +--------+--------+--------+--------+--------+-----+--------+
         Total |   1651 |   1624 |     27 |    195 |   1225 |   3 |  550.3 |
       Dungeon |   1651 |   1624 |     27 |    195 |   1225 |   3 |  550.3 |
               +--------+--------+--------+--------+--------+-----+--------+

Top non-repeatable levels by time:
     D:1: 1006 daAuts
     D:2: 613 daAuts
     D:3: 31 daAuts
